 Dungeon Crawl Stone Soup version 0.27-a0-1196-g3e9cee4cb2 (webtiles) character file.

Game seed: 15188900982665149294

248 bilbop the Shield-Bearer (level 5, 0/47 HPs)
             Began as a Minotaur Fighter on May 27, 2021.
             Was an Initiate of Makhleb.
             Killed by divine providence
             ... invoked by an orc priest
              (14 damage)
             ... on level 4 of the Dungeon.
             The game lasted 00:11:59 (2867 turns).

bilbop the Shield-Bearer (Minotaur Fighter)         Turns: 2867, Time: 00:12:00

Health: 0/47       AC: 12    Str: 20    XL:     5   Next: 86%
Magic:  6/6        EV:  5    Int:  6    God:    Makhleb [......]
Gold:   183        SH:  9    Dex: 10    Spells: 6/6 levels left

rFire    . . .     SeeInvis .   h - +2 whip (vamp)
rCold    . . .     Faith    .   c - +0 kite shield
rNeg     . . .     Spirit   .   t - +0 chain mail
rPois    .         Reflect  .   (helmet restricted)
rElec    .         Harm     .   s - +0 cloak
rCorr    .         Rampage  .   j - +0 pair of gloves
Will     .....                  (no boots)
Stlth    ..........             (no amulet)
HPRegen  0.15/turn              (no ring)
MPRegen  0.10/turn              (no ring)

@: no status effects
A: horns 2, retaliatory headbutt
a: Renounce Religion


You were on level 4 of the Dungeon.
You worshipped Makhleb.
Makhleb was noncommittal.
You visited 1 branch of the dungeon, and saw 4 of its levels.

You collected 183 gold pieces.

Inventory:

Hand Weapons
 a - a +0 flail
 h - a +2 vampiric whip (weapon)
Armour
 b - a +0 scale mail
 c - a +0 kite shield (worn)
 j - a +0 pair of gloves (worn)
 s - a +0 cloak (worn)
 t - a +0 chain mail (worn)
Jewellery
 r - a ring of ice
Scrolls
 g - 2 scrolls of fear {unknown}
 i - a scroll of torment {unknown}
 l - a scroll of noise {unknown}
 m - 2 scrolls of vulnerability {unknown}
 p - 2 scrolls of teleportation {unknown}
 q - a scroll of fog {unknown}
Potions
 d - a potion of might
 e - a potion of flight {unknown}
 f - 2 potions of curing {unknown}
 k - a potion of heal wounds {unknown}
 n - a potion of cancellation {unknown}
 o - a potion of resistance {unknown}


   Skills:
 + Level 4.7 Fighting
 + Level 3.9 Maces & Flails
 + Level 4.7 Armour
 + Level 4.8 Shields
 + Level 1.4 Spellcasting
 + Level 1.0 Invocations


You had 6 spell levels left.
You didn't know any spells.
Your spell library contained the following spells:

 Spells                   Type           Power      Damage    Failure   Level
 Animate Skeleton         Necr           0%         N/A       100%        1
 Pain                     Necr           0%         1d4       100%        1
 Summon Small Mammal      Summ           0%         N/A       100%        1
 Call Imp                 Summ           0%         N/A       100%        2
 Call Canine Familiar     Summ           0%         N/A       100%        3
 Summon Guardian Golem    Hex/Summ       0%         N/A       100%        3
 Vampiric Draining        Necr           0%         2d6       100%        3
 Animate Dead             Necr           0%         N/A       100%        4
 Summon Ice Beast         Ice/Summ       0%         N/A       100%        4
 Summon Lightning Spire   Summ/Air       0%         N/A       100%        4
 Agony                    Necr           0%         N/A       100%        5


Dungeon Overview and Level Annotations

Branches:
Dungeon (4/15)
 Temple: D:4-7

Altars:
Makhleb

Annotations:
D:3 3 runed translucent doors, Maken's ghost, amateur GnTm


Innate Abilities, Weirdness & Mutations

You have a pair of horns on your head.
You reflexively headbutt those who attack you in melee.


Message History

No target in view!
No target in view!
No target in view!
f - 2 red potions (gained 1)
You see here a +2 short sword of speed.
Found 18 poisoned darts.
An orc and an orc priest come into view.
The orc priest shouts!
The orc shouts!
You hear a shout!
An orc comes into view. It is wielding a +0 club.
An orc wizard comes into view. It is wielding a +0 dagger.
An orc wizard comes into view. It is wielding a +2 dagger of draining.
You hear a shout!
The orc wizard shouts!
The orc priest calls down the wrath of Beogh upon you.
Pain shoots through your body!
The orc priest invokes the aid of Beogh against you.
Beogh smites you!
The orc wizard gestures at itself while chanting.
The orc wizard flickers and vanishes!
Deactivating autopickup; reactivate with Ctrl-A.
The orc wizard shouts!
You hit the orc priest.
You feel better.
The orc priest is moderately wounded.
The orc priest hits you with a +0 flail.
* * * LOW HITPOINT WARNING * * *
You closely miss the orc priest.
The orc priest is moderately wounded.
The orc priest hits you but does no damage.
You completely miss the orc priest.
The orc priest is moderately wounded.
The orc priest hits you with a +0 flail.
* * * LOW HITPOINT WARNING * * *
An orc priest comes into view. It is wielding a +0 club.
You block the orc priest's attack.
The orc priest shouts!
You hit the orc priest.
The orc priest is heavily wounded.
You hear a shout!
The orc priest mumbles some strange prayers to Beogh against you.
Beogh smites you!
You die...

.......<................#
##############..........#
#..........# ####
#..........# .....
#..........# .o8..#
#..........#
.....o###..........#
......o....).......#
o.....#@...........#
oo8.. #............# .o..
#...########## ### #...#
#...# #...# #...# ....#
#....#


You could see 2 orc priests and an orc.

Vanquished Creatures
  A water moccasin zombie (D:3)
  2 orc priests (D:3)
  Jessica (D:3)
  2 adders (D:3)
  An adder zombie (D:4)
  4 worms
  3 dart slugs
  3 orcs (D:3)
  5 ball pythons
  7 endoplasms
  2 giant cockroaches
  10 goblins
  7 hobgoblins
  3 jackals (D:2)
  2 quokkas
  A ball python zombie (D:1)
  2 bats
  4 frilled lizards
  A jackal zombie (D:1)
  3 kobolds
  2 rats (D:1)
66 creatures vanquished.

Notes
Turn   | Place    | Note
-------+----------+-------------------------------------------
     0 | D:1      | bilbop the Minotaur Fighter began the quest for the Orb.
     0 | D:1      | Reached XP level 1. HP: 19/19 MP: 0/0
   173 | D:1      | Reached XP level 2. HP: 27/27 MP: 1/1
   801 | D:1      | Reached XP level 3. HP: 33/33 MP: 2/2
  1613 | D:3      | Reached XP level 4. HP: 35/40 MP: 4/4
  1839 | D:3      | Reached skill level 1 in Spellcasting
  1882 | D:3      | Reached XP level 5. HP: 43/47 MP: 5/5
  1966 | D:3      | Noticed Maken's ghost (amateur GnTm)
  1969 | D:3      | Found a runed translucent gate.
  1969 | D:3      | Found a runed translucent gate.
  1970 | D:3      | Found a runed translucent gate.
  2010 | D:3      | Found a burning altar of Makhleb.
  2015 | D:3      | Became a worshipper of Makhleb the Destroyer
  2515 | D:3      | Noticed Jessica
  2518 | D:3      | Killed Jessica
  2519 | D:3      | Reached skill level 1 in Invocations
  2867 | D:4      | Killed from afar by an orc priest

Illustrated notes

Levels and vault maps discovered:
D:1:      saegor_arrival_fortress, layout_basic, minmay_unequal
D:2:      layout_basic, minmay_pentomino_o4
D:3:      layout_basic, lightli_temple_of_fire, gammafunk_ghost_split,
          minivault_5, st_stairs_7, minmay_diced_spiral, uniq_jessica
D:4:      cheibrodos_pilgrimage, layout_basic, nicolae_elyvilon_peaceful_grove

Skill      XL: |  1  2  3  4  5 |
---------------+----------------+-----
Fighting       | 4 |  4.7
Armour         | 4 |  4.7
Maces & Flails | 3 |  3.9
Shields        | 4 |  4.8
Spellcasting   | 1 |  1.4
Invocations    | 1 |  1.0

Action                   |  1- 3 |  4- 6 || total
-------------------------+-------+-------++-------
Melee: Flail             |    38 |       ||    38
       Headbutt          |    11 |    12 ||    23
       Whip              |    58 |    62 ||   120
Armor: Scale mail        |    33 |    12 ||    45
       Chain mail        |       |     4 ||     4
Dodge: Dodged            |    24 |     5 ||    29
Block: Kite shield       |    31 |    24 ||    55

Table legend: (Time is in decaauts)
 A = Elapsed time spent in this place.
 B = Non-inter-level travel time spent in this place.
 C = Inter-level travel time spent in this place.
 D = Time resting spent in this place.
 E = Time spent auto-exploring this place.
 F = Levels seen in this place.
 G = Mean time per level.
                   A        B        C        D        E       F      G
               +--------+--------+--------+--------+--------+-----+--------+
         Total |   2903 |   2789 |    114 |    230 |   2154 |   4 |  725.8 |
       Dungeon |   2903 |   2789 |    114 |    230 |   2154 |   4 |  725.8 |
               +--------+--------+--------+--------+--------+-----+--------+

Top non-repeatable levels by time:
     D:3: 1266 daAuts
     D:1: 880 daAuts
     D:2: 715 daAuts
     D:4: 41 daAuts
